[Event "ICC tourney 3131 (30 10)"]
[Site "Internet Chess Club"]
[Date "2023.02.25"]
[Round "3"]
[White "HAMLETT, JAMES MORRISON:Hamlett144"]
[Black "MARTIN, DREW DOUGLAS:drewmartin"]
[Result "1-0"]
[ICCResult "Black checkmated"]
[WhiteElo "1200"]
[BlackElo "869"]
[Opening "Philidor's defense"]
[ECO "C41"]
[NIC "KP.08"]
[Time "16:00:12"]
[PlyCount "33"]
[TimeControl "1800+10"]

1. e4 e5 2. Nf3 d6 3. d4 Bg4 4. dxe5 Bxf3 5. Qxf3 dxe5 6. Bc4 Nf6 7. Be3 Nc6
8. c3 a6 9. Nd2 g6 10. g4 h6 11. O-O-O Be7 12. h4 b6 13. Nf1 Bd6 14. Ng3 Qd7
15. Qxf6 O-O 16. Bxh6 Qxg4 17. Qg7# {Black checkmated} 1-0

[Event "ICC tourney 3131 (30 10)"]
[Site "Internet Chess Club"]
[Date "2023.02.25"]
[Round "3"]
[White "HONG, HUNTER:hunterhong"]
[Black "Bolme, Thomas Bradley:ThomasBradley75"]
[Result "1-0"]
[ICCResult "Black resigns"]
[WhiteElo "1139"]
[BlackElo "632"]
[Opening "Caro-Kann: advance variation"]
[ECO "B12"]
[NIC "CK.04"]
[Time "16:00:16"]
[PlyCount "59"]
[TimeControl "1800+10"]

1. e4 c6 2. d4 d5 3. e5 Bf5 4. Nf3 e6 5. Bd3 Bxd3 6. Qxd3 Nd7 7. O-O c5 8.
c3 cxd4 9. cxd4 Bb4 10. a3 Ba5 11. b4 Bb6 12. Be3 Ne7 13. Nc3 Rc8 14. Rac1
Nf5 15. Bg5 f6 16. exf6 Nxf6 17. Rfe1 O-O 18. Rxe6 Nxd4 19. Nxd4 Rc4 20.
Bxf6 Rxf6 21. Rxf6 Qxf6 22. Nf3 a5 23. Qxd5+ Qf7 24. Qxf7+ Kxf7 25. Ne5+ Kf6
26. Nxc4 axb4 27. Nxb6 bxa3 28. Ncd5+ Kf5 29. Ra1 Ke5 30. Rxa3 {Black
resigns} 1-0

[Event "ICC tourney 3131 (30 10)"]
[Site "Internet Chess Club"]
[Date "2023.02.25"]
[Round "3"]
[White "LIN, CARL:K01-17110834"]
[Black "GAW, ZACHARY:zman-g"]
[Result "1/2-1/2"]
[ICCResult "Game drawn because neither player has mating material"]
[WhiteElo "1237"]
[BlackElo "972"]
[Opening "Giuoco Piano"]
[ECO "C54"]
[NIC "IG.02"]
[Time "16:01:07"]
[PlyCount "102"]
[TimeControl "1800+10"]

1. e4 e5 2. Nf3 Nc6 3. Bc4 Bc5 4. c3 Nf6 5. d4 exd4 6. cxd4 Bb4+ 7. Bd2 Nxe4
8. Bxb4 Nxb4 9. Bxf7+ Kxf7 10. Qb3+ Ke8 11. Qxb4 Qe7 12. Qxe7+ Kxe7 13. O-O
d5 14. Re1 Kd6 15. Nbd2 Nxd2 16. Nxd2 Bf5 17. Nf3 Rae8 18. Ng5 Bg6 19. h3 h6
20. Nf3 Rxe1+ 21. Rxe1 Re8 22. Rd1 Re2 23. Ne5 Bh7 24. Nf7+ Ke7 25. Ne5 Rxb2
26. Rc1 Rb1 27. Rxb1 Bxb1 28. a3 Kd6 29. Kf1 b5 30. Ke2 a5 31. Kd2 b4 32.
Kc1 Bh7 33. axb4 axb4 34. Kb2 c5 35. Nf3 Be4 36. dxc5+ Kxc5 37. Ne5 Bxg2 38.
Kb3 Bxh3 39. Nd3+ Kb5 40. Nxb4 d4 41. Nd3 Be6+ 42. Kb2 h5 43. Nf4 Bg4 44.
Kc2 h4 45. Kd3 h3 46. Nxh3 Bxh3 47. Kxd4 g5 48. f3 Kc6 49. Ke5 Kd7 50. Kf6
Bg2 51. Kxg5 Bxf3 {Game drawn because neither player has mating material}
1/2-1/2

[Event "ICC tourney 3131 (30 10)"]
[Site "Internet Chess Club"]
[Date "2023.02.25"]
[Round "3"]
[White "KRIGER, DMITRIY:dkriger"]
[Black "HIBBS, ROBERT:BotanicalKnight"]
[Result "0-1"]
[ICCResult "White checkmated"]
[WhiteElo "917"]
[BlackElo "1471"]
[Opening "Queen's pawn game"]
[ECO "D02"]
[NIC "QP.08"]
[Time "16:00:22"]
[PlyCount "74"]
[TimeControl "1800+10"]

1. d4 d5 2. Nf3 e6 3. e3 f5 4. Bd3 Nf6 5. O-O Be7 6. Nbd2 O-O 7. b3 c6 8.
Bb2 Ne4 9. Ne5 Nd7 10. f3 Nxd2 11. Qxd2 Nxe5 12. dxe5 Bd7 13. f4 g5 14. c4
Qe8 15. Qe2 Qg6 16. Qf3 g4 17. Qd1 Kf7 18. cxd5 cxd5 19. Qc1 Rac8 20. Qd2 a6
21. e4 fxe4 22. f5 Qg5 23. Qxg5 Bxg5 24. fxe6+ Kxe6 25. Be2 h5 26. Rxf8 Rxf8
27. h3 Be3+ 28. Kh1 Rf2 29. Bxa6 bxa6 30. Rb1 gxh3 31. gxh3 d4 32. a4 Kxe5
33. Ba3 Bxh3 34. Bc5 Bg4 35. b4 Bf3+ 36. Kg1 Rb2+ 37. Kf1 Rxb1#
{White checkmated}
0-1

[Event "ICC tourney 3131 (30 10)"]
[Site "Internet Chess Club"]
[Date "2023.02.25"]
[Round "3"]
[White "procopio, Patti:prostripe"]
[Black "ZHANG, LOUIS:louis3400"]
[Result "0-1"]
[ICCResult "White resigns"]
[WhiteElo "1021"]
[BlackElo "1256"]
[Opening "Queen's bishop game"]
[ECO "D02"]
[NIC "QP.08"]
[Time "16:00:14"]
[PlyCount "80"]
[TimeControl "1800+10"]

1. d4 d5 2. Nf3 Nf6 3. Bf4 e6 4. Nbd2 Nbd7 5. c3 c5 6. e3 b6 7. Ne5 Nxe5 8.
Bxe5 Bd7 9. Be2 Be7 10. O-O O-O 11. h3 Bc6 12. Rc1 Bd6 13. Bxd6 Qxd6 14. Nf3
Ne4 15. Ne5 Bb7 16. Bd3 f6 17. Nf3 Rad8 18. Nd2 e5 19. Nb3 Ng5 20. Be2 Bc6
21. Qe1 Rfe8 22. dxc5 bxc5 23. Na5 Ba8 24. Rd1 Qb6 25. b4 Kh8 26. a3 d4 27.
exd4 exd4 28. cxd4 cxd4 29. Qd2 Qe6 30. Bc4 Nxh3+ 31. gxh3 Qxh3 32. f3 Bxf3
33. Rxf3 Qxf3 34. Rf1 Qg3+ 35. Qg2 Qxa3 36. Nc6 Qe3+ 37. Kh1 Rd7 38. Bd5 Qe2
39. Rf2 Qh5+ 40. Qh2 Qxd5+ {White resigns} 0-1

[Event "ICC tourney 3131 (30 10)"]
[Site "Internet Chess Club"]
[Date "2023.02.25"]
[Round "3"]
[White "Kale, Shubham:shubham07"]
[Black "WHALEN, JAMES:baystatejim1776"]
[Result "0-1"]
[ICCResult "White checkmated"]
[WhiteElo "1311"]
[BlackElo "1368"]
[Opening "English opening"]
[ECO "D35"]
[NIC "EO.64"]
[Time "16:01:07"]
[PlyCount "62"]
[TimeControl "1800+10"]

1. c4 e6 2. Nc3 d5 3. cxd5 exd5 4. d4 Nf6 5. g3 h6 6. Bg2 c6 7. Nf3 Bf5 8.
O-O Bd6 9. Re1 O-O 10. Nh4 Be6 11. e4 dxe4 12. Nxe4 Nd5 13. Nxd6 Qxd6 14. a3
Nd7 15. f4 N7f6 16. h3 Rad8 17. Kh2 Nb6 18. Be3 Nc4 19. Nf3 Nxe3 20. Rxe3 c5
21. Re2 cxd4 22. Rd2 d3 23. Ne5 Bf5 24. Qb3 Be4 25. Bxe4 Nxe4 26. Rxd3 Qc7
27. Rxd8 Rxd8 28. Qe3 Rd2+ 29. Kh1 Qc2 30. Nf3 Nxg3+ 31. Kg1 Rg2#
{White checkmated}
0-1

[Event "ICC tourney 3131 (30 10)"]
[Site "Internet Chess Club"]
[Date "2023.02.25"]
[Round "3"]
[White "ANGELCHIK, JACOB:t105mm"]
[Black "Cao, Frank Zhongtian:FrankCao"]
[Result "0-1"]
[ICCResult "White resigns"]
[WhiteElo "1136"]
[BlackElo "1314"]
[Opening "Réti: King's Indian attack (Barcza system)"]
[ECO "A07"]
[NIC "QP.09"]
[Time "16:00:15"]
[PlyCount "102"]
[TimeControl "1800+10"]

1. Nf3 d5 2. g3 Nf6 3. Bg2 c5 4. c3 Nc6 5. d4 cxd4 6. cxd4 g6 7. O-O Bg7 8.
Bg5 O-O 9. Nc3 h6 10. Bf4 Bf5 11. Qd2 g5 12. Be5 Nxe5 13. dxe5 Ne4 14. Nxe4
Bxe4 15. Rad1 e6 16. Qd4 a6 17. Nd2 Bxg2 18. Kxg2 Rc8 19. Rh1 Qc7 20. Nf3
Qc4 21. h4 g4 22. Nh2 Qxd4 23. Rxd4 h5 24. Rb4 b5 25. f3 gxf3+ 26. Nxf3 Rfd8
27. g4 hxg4 28. Rxg4 Rc2 29. h5 Kh8 30. h6 Bxe5 31. Ng5 Rf8 32. h7 Rcc8 33.
Rf1 f5 34. Nxe6 fxg4 35. Nxf8 Bg7 36. Ne6 Re8 37. Nxg7 Rxe2+ 38. Rf2 Rxf2+
39. Kxf2 Kxg7 40. Kg3 Kxh7 41. Kxg4 Kg6 42. Kf4 Kf6 43. Ke3 Ke5 44. Kd3 d4
45. b4 Kd5 46. a3 Ke5 47. Kc2 Ke4 48. Kd2 d3 49. Kd1 Kd4 50. Kd2 Kc4 51. Kd1
Kb3 {White resigns} 0-1

[Event "ICC tourney 3131 (30 10)"]
[Site "Internet Chess Club"]
[Date "2023.02.25"]
[Round "3"]
[White "Lin, James:MeLikeGame"]
[Black "BHOSALE, ARNAV:avbhosale"]
[Result "0-1"]
[ICCResult "White resigns"]
[WhiteElo "1339"]
[BlackElo "914"]
[Opening "Queen's pawn game"]
[ECO "E10"]
[NIC "TD.01"]
[Time "16:00:10"]
[PlyCount "140"]
[TimeControl "1800+10"]

1. d4 Nf6 2. c4 e6 3. Nf3 d5 4. g3 c5 5. Bg2 Nc6 6. O-O Be7 7. Nc3 O-O 8.
cxd5 Nxd5 9. Nxd5 exd5 10. dxc5 Bxc5 11. b3 h6 12. Bb2 Be6 13. Qc2 Qb6 14.
Rac1 Nd4 15. Qxc5 Nxe2+ 16. Kh1 Nxc1 17. Rxc1 Rfc8 18. Qxb6 Rxc1+ 19. Bxc1
axb6 20. a3 Rc8 21. Be3 Rc2 22. h3 Rc6 23. Nd4 Rd6 24. Kh2 g5 25. Bd2 Rd8
26. Bf1 Bd7 27. Bg2 Bc6 28. a4 Re8 29. Bf3 Rd8 30. Be3 b5 31. axb5 Be8 32.
Kg2 Kh7 33. Bd2 Kg6 34. Bc3 h5 35. Be2 Bd7 36. Bd3+ Kh6 37. Bd2 f6 38. Be2
Re8 39. Bf3 Be6 40. Bb4 Bg8 41. Nf5+ Kg6 42. Nd6 Re7 43. Bd1 Rc7 44. Be2 d4
45. Bd3+ f5 46. Ba5 Rc5 47. Nxb7 Re5 48. Bc4 Bd5+ 49. Bxd5 Rxd5 50. b4 d3
51. Nc5 d2 52. b6 d1=Q 53. b7 Rd8 54. Bxd8 Qxd8 55. Kf3 Qb6 56. g4 fxg4+ 57.
hxg4 hxg4+ 58. Kxg4 Qxb4+ 59. Kg3 Kh5 60. Kg2 Qb2 61. Kf3 Qb4 62. Kg2 Kh4
63. Kh2 g4 64. Kg2 Qb2 65. Kg1 Kh3 66. Kf1 Kh2 67. Ke1 Kg1 68. Kd1 Kf1 69.
f3 gxf3 70. Nd3 Qxb7 {White resigns} 0-1

[Event "ICC tourney 3131 (30 10)"]
[Site "Internet Chess Club"]
[Date "2023.02.25"]
[Round "3"]
[White "JAIN, PIYUSH:Piyush786"]
[Black "STINSON, RUSSELL:rcstinson"]
[Result "1-0"]
[ICCResult "Black checkmated"]
[WhiteElo "1550"]
[BlackElo "1362"]
[Opening "Sicilian defense"]
[ECO "B20"]
[NIC "SI.48"]
[Time "16:00:14"]
[PlyCount "61"]
[TimeControl "1800+10"]

1. e4 c5 2. a3 e6 3. b4 d5 4. e5 f6 5. bxc5 fxe5 6. Qh5+ g6 7. Qxe5 Nf6 8.
d4 Nc6 9. Bb5 Qa5+ 10. c3 Bg7 11. Bxc6+ bxc6 12. Qd6 Qb5 13. Nd2 Ba6 14. a4
Qd3 15. c4 Qxd4 16. Rb1 Ne4 17. Qxc6+ Kf7 18. Qd7+ Kf8 19. Ne2 Qxf2+ 20. Kd1
Nxd2 21. Bxd2 Bxc4 22. Qd6+ Ke8 23. Qxe6+ Kf8 24. Qd6+ Ke8 25. Qc6+ Kf8 26.
Qxa8+ Kf7 27. Qxa7+ Kf6 28. Rb6+ Ke5 29. Qxg7+ Ke4 30. Ng3+ Kd3 31. Qc3#
{Black checkmated}
1-0

[Event "ICC tourney 3131 (30 10)"]
[Site "Internet Chess Club"]
[Date "2023.02.25"]
[Round "4"]
[White "LARSON, CHARLES D:jdchuck68"]
[Black "GAW, CHRISTIAN:cman-g"]
[Result "0-1"]
[ICCResult "White resigns"]
[WhiteElo "520"]
[BlackElo "992"]
[Opening "Ruy Lopez: Caro variation"]
[ECO "C70"]
[NIC "RL.09"]
[Time "18:01:10"]
[PlyCount "52"]
[TimeControl "1800+10"]

1. e4 e5 2. Nf3 Nc6 3. Bb5 a6 4. Ba4 b5 5. Bb3 Nf6 6. d3 h6 7. O-O Bc5 8.
Nc3 O-O 9. Be3 Bb6 10. d4 exd4 11. Nxd4 Nxd4 12. Bxd4 Bxd4 13. Qxd4 d6 14.
Rfd1 c5 15. Qxd6 Qxd6 16. Rxd6 b4 17. a3 bxc3 18. bxc3 Nxe4 19. Rc6 Nxc3 20.
Rxc5 Ne4 21. Rc7 Bf5 22. h3 Nd2 23. Rd1 Nxb3 24. Rdd7 Bxd7 25. Rxd7 Nc5 26.
Rc7 Ne6 {White resigns} 0-1

[Event "ICC tourney 3131 (30 10)"]
[Site "Internet Chess Club"]
[Date "2023.02.25"]
[Round "4"]
[White "MARTIN, DREW DOUGLAS:drewmartin"]
[Black "ANGELCHIK, JACOB:t105mm"]
[Result "0-1"]
[ICCResult "White checkmated"]
[WhiteElo "869"]
[BlackElo "1136"]
[Opening "Sicilian defense"]
[ECO "B20"]
[NIC "SI.48"]
[Time "18:00:06"]
[PlyCount "74"]
[TimeControl "1800+10"]

1. e4 c5 2. c4 d6 3. Nc3 Nf6 4. Nf3 Nc6 5. g3 Bg4 6. Be2 Qd7 7. d3 Bxf3 8.
Bxf3 O-O-O 9. Bg4 e6 10. Bg5 Nxg4 11. Bxd8 Nxf2 12. Kxf2 Qxd8 13. a3 Qf6+
14. Kg2 Be7 15. Rf1 Qg6 16. h4 Bxh4 17. Ne2 Nd4 18. Qe1 Nxe2 19. Qxe2 Qxg3+
20. Kh1 Bf6 21. Rg1 Qh3+ 22. Qh2 Qxd3 23. Rad1 Qxe4+ 24. Rg2 Be5 25. Qh5 Rf8
26. Qh3 g6 27. Qxh7 Rh8 28. Qxh8+ Bxh8 29. Rxd6 Qh4+ 30. Rh2 Qe4+ 31. Kg1
Be5 32. Rf2 Bxd6 33. Rxf7 Qe1+ 34. Kg2 Qg3+ 35. Kf1 Bf4 36. Ke2 Qe3+ 37. Kd1
Qd2# {White checkmated} 0-1

[Event "ICC tourney 3131 (30 10)"]
[Site "Internet Chess Club"]
[Date "2023.02.25"]
[Round "4"]
[White "WILSON, DARRYL J:Combo4U2"]
[Black "KRIGER, DMITRIY:dkriger"]
[Result "1-0"]
[ICCResult "Black checkmated"]
[WhiteElo "1252"]
[BlackElo "917"]
[Opening "Sicilian: Alapin's variation (2.c3)"]
[ECO "B22"]
[NIC "SI.46"]
[Time "18:00:12"]
[PlyCount "77"]
[TimeControl "1800+10"]

1. e4 c5 2. c3 Nc6 3. Qc2 d6 4. b3 Nf6 5. Bb2 g6 6. d3 Bg7 7. Nd2 O-O 8.
Ngf3 e5 9. Be2 Be6 10. O-O Nh5 11. g3 d5 12. Rad1 Bg4 13. Rfe1 Qf6 14. exd5
Ne7 15. c4 Qf5 16. Nh4 Qg5 17. Ne4 Qh6 18. Bc1 g5 19. Bxg5 Qa6 20. Bxg4 Nf6
21. Nxf6+ Bxf6 22. Bh6 Bg7 23. Bg5 f6 24. Be3 b6 25. Be6+ Kh8 26. Qd2 Ng6
27. Nf5 b5 28. Nxg7 Kxg7 29. Bh6+ Kh8 30. Bxf8 Rxf8 31. Ra1 f5 32. Qh6 bxc4
33. bxc4 Qa3 34. Red1 Qc3 35. h4 f4 36. h5 fxg3 37. hxg6 gxf2+ 38. Kf1 e4
39. Qxh7# {Black checkmated} 1-0

[Event "ICC tourney 3131 (30 10)"]
[Site "Internet Chess Club"]
[Date "2023.02.25"]
[Round "4"]
[White "HIBBS, ROBERT:BotanicalKnight"]
[Black "BHOSALE, ARNAV:avbhosale"]
[Result "1/2-1/2"]
[ICCResult "Game drawn by mutual agreement"]
[WhiteElo "1471"]
[BlackElo "914"]
[Opening "Sicilian: closed"]
[ECO "B23"]
[NIC "SI.44"]
[Time "18:01:00"]
[PlyCount "36"]
[TimeControl "1800+10"]

1. e4 c5 2. Nc3 e6 3. f4 d5 4. e5 Nc6 5. d3 g6 6. Nf3 Bg7 7. g3 b6 8. Bg2 a6
9. O-O Nh6 10. h3 Nf5 11. Kh2 h5 12. Ne2 Bb7 13. a3 Qd7 14. c3 b5 15. Rb1
O-O-O 16. b4 c4 17. d4 Qe7 18. a4 Kc7 {Game drawn by mutual agreement}
1/2-1/2

[Event "ICC tourney 3131 (30 10)"]
[Site "Internet Chess Club"]
[Date "2023.02.25"]
[Round "4"]
[White "DATTA, GAURAV D:Geebz76"]
[Black "ANGEL, BORYS:BArkadia"]
[Result "0-1"]
[ICCResult "White checkmated"]
[WhiteElo "1302"]
[BlackElo "1399"]
[Opening "Réti opening"]
[ECO "A04"]
[NIC "QP.11"]
[Time "18:00:06"]
[PlyCount "60"]
[TimeControl "1800+10"]

1. Nf3 d6 2. c4 Nf6 3. b4 g6 4. Bb2 Bg7 5. g3 O-O 6. Bg2 c6 7. O-O e5 8. d3
Nbd7 9. a4 a5 10. b5 Re8 11. Nbd2 Qc7 12. Qc2 Nc5 13. bxc6 bxc6 14. d4 Bf5
15. Qc1 exd4 16. Nxd4 Bd7 17. N2b3 Nxb3 18. Nxb3 Rab8 19. Qc2 Bf5 20. Qc3
Nh5 21. Nd4 Bd7 22. g4 Bxg4 23. Bxc6 Rxe2 24. f3 Rbxb2 25. Nxe2 Bxc3 26.
Nxc3 Qxc6 27. Nd5 Qxc4 28. Ne7+ Kg7 29. Rac1 Qe2 30. fxg4 Qg2#
{White checkmated}
0-1

[Event "ICC tourney 3131 (30 10)"]
[Site "Internet Chess Club"]
[Date "2023.02.25"]
[Round "4"]
[White "GAW, ZACHARY:zman-g"]
[Black "Lin, James:MeLikeGame"]
[Result "0-1"]
[ICCResult "White checkmated"]
[WhiteElo "972"]
[BlackElo "1339"]
[Opening "Giuoco Pianissimo: Italian four knights variation"]
[ECO "C55"]
[NIC "IG.01"]
[Time "18:00:05"]
[PlyCount "108"]
[TimeControl "1800+10"]

1. e4 e5 2. Nf3 Nc6 3. Bc4 Nf6 4. d3 Bc5 5. Nc3 h6 6. Be3 Bb6 7. O-O O-O 8.
Qd2 d6 9. h3 Na5 10. Bb3 Nxb3 11. axb3 Be6 12. Nd5 Nxd5 13. exd5 Bxe3 14.
Qxe3 Bxd5 15. Rfe1 a6 16. c4 Bc6 17. Nd2 f5 18. f4 Re8 19. Qf2 Qf6 20. fxe5
dxe5 21. Re2 Rad8 22. Nf3 Rxd3 23. b4 Bxf3 24. gxf3 Red8 25. Kh2 Qd6 26. Rg1
Rd2 27. Rxd2 Qxd2 28. Qxd2 Rxd2+ 29. Rg2 Rxg2+ 30. Kxg2 Kf7 31. Kf2 Ke6 32.
Ke3 g5 33. Kf2 e4 34. fxe4 fxe4 35. Ke2 Ke5 36. Ke3 h5 37. b3 g4 38. hxg4
hxg4 39. b5 axb5 40. cxb5 g3 41. b4 g2 42. Kf2 Kf4 43. Kxg2 Ke3 44. Kf1 Kd2
45. b6 cxb6 46. b5 e3 47. Kg2 e2 48. Kf3 e1=Q 49. Kf4 Qe6 50. Kf3 Qe5 51.
Kg4 Ke3 52. Kh3 Qg5 53. Kh2 Kf2 54. Kh3 Qg3# {White checkmated} 0-1

[Event "ICC tourney 3131 (30 10)"]
[Site "Internet Chess Club"]
[Date "2023.02.25"]
[Round "4"]
[White "Bolme, Thomas Bradley:ThomasBradley75"]
[Black "procopio, Patti:prostripe"]
[Result "0-1"]
[ICCResult "White checkmated"]
[WhiteElo "632"]
[BlackElo "1021"]
[Opening "King's Indian: London system"]
[ECO "A48"]
[NIC "QP.03"]
[Time "18:00:58"]
[PlyCount "90"]
[TimeControl "1800+10"]

1. d4 Nf6 2. Nf3 g6 3. Bf4 Bg7 4. Nbd2 d6 5. e4 Bg4 6. Be2 Bxf3 7. Bxf3 c6
8. c3 O-O 9. Qe2 Nbd7 10. b4 a5 11. b5 e5 12. Be3 exd4 13. Bxd4 c5 14. Be3
b6 15. O-O Rb8 16. Bf4 Ne5 17. Nc4 Nxc4 18. Qxc4 Ne8 19. e5 dxe5 20. Rfd1
Qe7 21. Be3 Nd6 22. Bxc5 bxc5 23. Qxc5 Rbd8 24. b6 Rfe8 25. b7 e4 26. Re1
Nxb7 27. Qxe7 Rxe7 28. Bxe4 Nc5 29. f3 Bxc3 30. Rad1 Rxd1 31. Rxd1 Nxe4 32.
fxe4 Rxe4 33. Rd8+ Kg7 34. Rc8 Bf6 35. Ra8 a4 36. Kf2 Rc4 37. Kf3 Rc3+ 38.
Kf4 a3 39. g4 Rc4+ 40. Kg3 Bb2 41. h3 Rc3+ 42. Kh4 Re3 43. Ra4 h6 44. Rb4
g5+ 45. Kh5 Rxh3# {White checkmated} 0-1

[Event "ICC tourney 3131 (30 10)"]
[Site "Internet Chess Club"]
[Date "2023.02.25"]
[Round "4"]
[White "STINSON, RUSSELL:rcstinson"]
[Black "HAMLETT, JAMES MORRISON:Hamlett144"]
[Result "1-0"]
[ICCResult "Black checkmated"]
[WhiteElo "1362"]
[BlackElo "1200"]
[Opening "Nimzovich-Larsen attack: modern variation"]
[ECO "A01"]
[NIC "VO.08"]
[Time "18:00:05"]
[PlyCount "59"]
[TimeControl "1800+10"]

1. b3 e5 2. Bb2 Nc6 3. e3 d6 4. Nf3 f5 5. Bb5 Bd7 6. d4 e4 7. d5 Nce7 8.
Bxd7+ Qxd7 9. Ng5 O-O-O 10. Nf7 Ng6 11. Nxh8 Nxh8 12. O-O Nf7 13. c4 g5 14.
Nc3 Bg7 15. Qd2 Ne5 16. Nb5 a6 17. Nd4 Ne7 18. Ne6 Rg8 19. Nxg7 Rxg7 20.
Bxe5 dxe5 21. Rac1 f4 22. f3 exf3 23. Rxf3 g4 24. Rf2 f3 25. e4 Ng6 26. Qb4
h5 27. c5 Nf4 28. c6 bxc6 29. dxc6 Qd8 30. Qb7# {Black checkmated} 1-0

[Event "ICC tourney 3131 (30 10)"]
[Site "Internet Chess Club"]
[Date "2023.02.25"]
[Round "4"]
[White "Cao, Frank Zhongtian:FrankCao"]
[Black "HONG, HUNTER:hunterhong"]
[Result "1-0"]
[ICCResult "Black resigns"]
[WhiteElo "1314"]
[BlackElo "1139"]
[Opening "Ruy Lopez: old Steinitz defense"]
[ECO "C62"]
[NIC "RL.02"]
[Time "18:00:05"]
[PlyCount "85"]
[TimeControl "1800+10"]

1. e4 e5 2. Nf3 Nc6 3. Bb5 d6 4. d4 a6 5. Ba4 b5 6. d5 bxa4 7. dxc6 Nf6 8.
Nc3 Bg4 9. Bg5 h6 10. Bxf6 Qxf6 11. Nd5 Qd8 12. h3 Be6 13. c4 Qb8 14. Qxa4
Bxd5 15. cxd5 Qxb2 16. O-O Be7 17. Rab1 Qe2 18. Rfe1 Qd3 19. Rb3 Qc2 20.
Rb8+ Rxb8 21. Qxc2 O-O 22. Rb1 Bf6 23. Rb7 Rfc8 24. Qb3 Ra8 25. Nd2 Bd8 26.
Nc4 Be7 27. Na5 Bg5 28. g3 Bd2 29. Nc4 Bg5 30. h4 Be7 31. Na5 g5 32. h5 f6
33. g4 Kf7 34. Qe3 Bd8 35. Ra7 Rcb8 36. Nb7 Ke8 37. Rxa8 Rxa8 38. Qf3 Be7
39. Qf5 Kf8 40. Qd7 Ra7 41. Qxc7 Ra8 42. Qd7 Kf7 43. Nxd6+ {Black resigns}
1-0

[Event "ICC tourney 3131 (30 10)"]
[Site "Internet Chess Club"]
[Date "2023.02.25"]
[Round "4"]
[White "ZHANG, LOUIS:louis3400"]
[Black "Kale, Shubham:shubham07"]
[Result "1-0"]
[ICCResult "Black checkmated"]
[WhiteElo "1256"]
[BlackElo "1311"]
[Opening "Robatsch (modern) defense"]
[ECO "B06"]
[NIC "KF.05"]
[Time "18:00:30"]
[PlyCount "101"]
[TimeControl "1800+10"]

1. e4 g6 2. d4 Bg7 3. c4 d6 4. Nf3 Nd7 5. Nc3 a6 6. Be3 b6 7. g3 c5 8. Bg2
Bb7 9. O-O cxd4 10. Bxd4 Ngf6 11. Re1 O-O 12. e5 dxe5 13. Nxe5 Bxg2 14. Kxg2
Nxe5 15. Bxe5 Rc8 16. b3 e6 17. Rc1 Qe7 18. Bd6 Qb7+ 19. Qf3 Qxf3+ 20. Kxf3
Rfd8 21. Bf4 Nh5 22. Be3 Rd3 23. Ne2 Bh6 24. Ke4 Bxe3 25. Kxd3 Bxc1 26. Rxc1
Rd8+ 27. Ke3 e5 28. c5 bxc5 29. Rxc5 f6 30. Rc6 a5 31. Ra6 Rd5 32. Nc3 Rc5
33. Ne4 Rc2 34. Rxa5 Kf7 35. Ra7+ Kg8 36. Kd3 Rb2 37. Nd2 e4+ 38. Kc3 Rxd2
39. Kxd2 f5 40. b4 Nf6 41. b5 Nd5 42. Rd7 Nb6 43. Rb7 Nc4+ 44. Kc3 Nd6 45.
Rb8+ Kf7 46. b6 Ke7 47. Rh8 h5 48. Rh7+ Kd8 49. b7 Nb5+ 50. Kb4 e3 51. b8=Q#
{Black checkmated}
1-0

[Event "ICC tourney 3131 (30 10)"]
[Site "Internet Chess Club"]
[Date "2023.02.25"]
[Round "4"]
[White "ASKEW, GEORGE:BlueStorm"]
[Black "ENGTRO, GEIR:Gengeng"]
[Result "1-0"]
[ICCResult "Black checkmated"]
[WhiteElo "1322"]
[BlackElo "894"]
[Opening "Trompowsky attack (Ruth, Opocenský opening)"]
[ECO "A45"]
[NIC "QP.07"]
[Time "18:00:31"]
[PlyCount "137"]
[TimeControl "1800+10"]

1. d4 Nf6 2. Bg5 e6 3. e4 Be7 4. Bxf6 Bxf6 5. Nf3 d6 6. Nc3 O-O 7. Bd3 g6 8.
Qe2 Re8 9. O-O-O e5 10. dxe5 dxe5 11. Bb5 Bd7 12. Bxd7 Nxd7 13. Qb5 Bg5+ 14.
Kb1 c6 15. Qxb7 Re7 16. Nxg5 h6 17. Nf3 Qc8 18. Qxc8+ Rxc8 19. Rd2 Nc5 20.
Rhd1 Ree8 21. Ne1 Ne6 22. Ne2 Rc7 23. Rd7 Rec8 24. Rxc7 Rxc7 25. Nd3 f6 26.
f4 exf4 27. Ndxf4 Kf7 28. Nxe6 Kxe6 29. Nf4+ Kf7 30. Rd3 g5 31. Ne2 h5 32.
c4 Ke6 33. c5 Ke5 34. Nc3 f5 35. exf5 Kxf5 36. Rf3+ Kg4 37. h3+ Kh4 38. Ne4
g4 39. Rf4 Re7 40. Kc2 Rd7 41. hxg4 hxg4 42. Rxg4+ Kxg4 43. Nf6+ Kg3 44.
Nxd7 Kxg2 45. Nb8 Kf3 46. Nxc6 a6 47. Kc3 Ke4 48. Kc4 Kf5 49. b4 Ke6 50. a4
Kd7 51. b5 Kc7 52. Kd5 axb5 53. axb5 Kd7 54. Na5 Kc7 55. b6+ Kb8 56. c6 Kc8
57. Kd6 Kd8 58. b7 Ke8 59. b8=Q+ Kf7 60. c7 Kf6 61. c8=Q Kg5 62. Qg8+ Kf4
63. Qbf8+ Ke4 64. Qd5+ Ke3 65. Qe7+ Kf4 66. Qdf7+ Kg4 67. Qef8 Kg5 68. Q7g7+
Kh5 69. Qfh8# {Black checkmated} 1-0

[Event "ICC tourney 3131 (30 10)"]
[Site "Internet Chess Club"]
[Date "2023.02.25"]
[Round "5"]
[White "MARTIN, DREW DOUGLAS:drewmartin"]
[Black "LARSON, CHARLES D:jdchuck68"]
[Result "0-1"]
[ICCResult "White checkmated"]
[WhiteElo "869"]
[BlackElo "520"]
[Opening "Sicilian: Smith-Morra gambit"]
[ECO "B21"]
[NIC "SI.48"]
[Time "20:02:09"]
[PlyCount "58"]
[TimeControl "1800+10"]

1. e4 c5 2. d4 d6 3. d5 g6 4. Nf3 Bg7 5. Nc3 Nd7 6. Bb5 a6 7. Bxd7+ Bxd7 8.
O-O Nf6 9. h3 e6 10. Bg5 O-O 11. dxe6 Bxe6 12. Re1 Qb6 13. Bxf6 Bxf6 14. e5
dxe5 15. Nxe5 Qxb2 16. Qf3 Bxe5 17. Rxe5 Qxa1+ 18. Kh2 Rad8 19. Ne4 Qxe5+
20. g3 Rd4 21. Nf6+ Kg7 22. Ng4 Bxg4 23. hxg4 Qg5 24. Qxb7 Rd1 25. Qb2+ Kg8
26. f3 Qh6+ 27. Kg2 Qh1+ 28. Kf2 Re1 29. f4 Qf1# {White checkmated} 0-1

[Event "ICC tourney 3131 (30 10)"]
[Site "Internet Chess Club"]
[Date "2023.02.25"]
[Round "5"]
[White "Cao, Frank Zhongtian:FrankCao"]
[Black "HIBBS, ROBERT:BotanicalKnight"]
[Result "1/2-1/2"]
[ICCResult "Game drawn by mutual agreement"]
[WhiteElo "1314"]
[BlackElo "1471"]
[Opening "Caro-Kann: exchange variation"]
[ECO "B13"]
[NIC "CK.02"]
[Time "20:02:13"]
[PlyCount "26"]
[TimeControl "1800+10"]

1. e4 c6 2. d4 d5 3. exd5 Qxd5 4. c4 Qd8 5. Nf3 Bg4 6. Be2 e6 7. h3 Bh5 8.
Nc3 Nf6 9. Bf4 Bd6 10. Bxd6 Qxd6 11. Qd2 Nbd7 12. a3 a5 13. O-O O-O
{Game drawn by mutual agreement}
1/2-1/2